Map: Prion Terraces

Players

StreeTDanceR

  • Race: Terran Terran
  • League: Diamond

Hindulaatti - Winner!

  • Race: Terran Terran
  • League: Diamond

VOD

Have the link to the VOD?

Description

Time

  • Played on: Feb. 19, 2016, 5:50 p.m.
  • Length: 9:40
Show
View Real Time Build Order
Export as new Build Order

StreeTDanceR Terran 

Build Orders:  

Get SALT Encoding   

  12  0:00  SCV  
  13  0:13  SCV  
  14  0:17  Supply Depot  
  14  0:25  SCV  
  15  0:32  Refinery  
  15  0:41  Barracks  
  15  0:45  SCV  
  16  0:57  SCV  
  17  1:08  Barracks  
  17  1:09  SCV  
  19  1:27  Orbital Command  
  19  1:28  Reaper  
  19  1:34  Supply Depot  
  19  1:55  SCV  
  19  1:56  Refinery  
  19  2:01  Reaper  
  20  2:05  Reaper  
  20  2:07  SCV  
  22  2:12  Barracks  
  22  2:19  SCV  
  23  2:31  SCV  
  23  2:33  Reaper  
  25  2:37  Supply Depot  
  25  2:47  Reaper  
  25  2:48  SCV  
  27  2:54  Factory  
  27  3:00  SCV  
  27  3:05  Marine, Reaper  
  29  3:07  Supply Depot  
  30  3:12  SCV  
  30  3:19  Reaper  
  32  3:23  Reaper  
  32  3:25  SCV  
  34  3:37  Marine  
  34  3:38  Factory Tech Lab  
  34  3:41  Starport  
  35  3:43  SCV  
  36  3:51  Marine  
  37  3:55  SCV  
  37  4:00  Barracks Tech Lab  
  38  4:12  Command Center  
  38  4:14  Marine  
  38  4:15  Marine  
  40  4:24  Supply Depot, Factory Tech Lab  
  40  4:27  Cloaking Field  
  40  4:36  Banshee  
  43  4:39  SCV  
  44  4:47  Supply Depot  
  42  5:02  Marine  
  42  5:03  Marine  
  42  5:05  Barracks Reactor, Siege Tank  
  47  5:07  SCV  
  47  5:11  Supply Depot  
  45  5:22  SCV  
  45  5:25  Banshee  
  50  5:34  Engineering Bay  
  50  5:40  Orbital Command  
  49  5:52  Siege Tank  
  49  5:53  SCV  
  53  6:04  Missile Turret  
  53  6:05  SCV  
  53  6:08  Missile Turret  
  53  6:09  SCV  
  55  6:12  Supply Depot  
  55  6:17  SCV, Terran Infantry Weapons Level 1  
  56  6:21  SCV  
  57  6:27  Marine x2  
  57  6:32  Viking  
  61  6:42  Marine x2  
  61  6:45  Marine  
  64  6:49  Stimpack  
  64  6:54  Barracks  
  61  6:55  SCV, Barracks  
  61  6:57  SCV  
  61  6:58  Command Center  
  61  7:07  SCV  
  59  7:21  Missile Turret  
  59  7:24  Missile Turret  
  59  7:27  SCV x2  
  61  7:31  Marine  
  61  7:34  Engineering Bay  
  61  7:35  Armory  
  62  7:39  SCV  
  62  7:40  Marine, SCV  
  62  7:41  Marine x2  
  62  7:44  Refinery x2  
  67  7:46  Barracks Reactor  
  67  7:47  Barracks Reactor  
  67  7:49  Marine  
  68  7:51  SCV  
  68  7:52  SCV  
  68  7:55  Supply Depot  
  68  7:57  Supply Depot  
  70  7:58  Marine  
  70  7:59  Supply Depot, Marine  
  70  8:04  SCV  
  73  8:07  Marine, Barracks Reactor  
  74  8:14  Orbital Command  
  73  8:31  Missile Turret  
  73  8:33  Marine x3  
  73  8:34  Marine x2  
  77  8:36  SCV x2  
  80  8:48  SCV x2  
  82  8:49  Marine  
  82  8:50  Marine  
  82  8:51  Marine x4  
  82  8:52  Marine  
  85  9:00  SCV  
  73  9:05  Siege Tank  
  73  9:07  Marine x2  
  73  9:09  Marine x3  
  71  9:12  Barracks Reactor  
Show
View Real Time Build Order
Export as new Build Order

Hindulaatti Terran - Winner!

Build Orders: MMM Bio 

Get SALT Encoding   

  12  0:00  SCV  
  13  0:13  SCV  
  14  0:17  Supply Depot  
  14  0:25  SCV  
  15  0:39  SCV  
  15  0:41  Barracks  
  16  0:46  Refinery  
  16  0:51  SCV  
  17  1:03  SCV  
  18  1:18  SCV  
  19  1:19  Barracks  
  19  1:25  Barracks  
  19  1:29  Reaper  
  19  1:30  SCV  
  21  1:34  Refinery  
  21  1:42  Supply Depot  
  21  1:53  Orbital Command  
  22  2:14  Command Center  
  21  2:24  SCV  
  21  2:26  Barracks Reactor  
  22  2:44  SCV  
  22  2:52  Factory  
  22  2:53  Barracks  
  22  2:59  Bunker  
  22  3:01  SCV  
  22  3:02  Marine x2  
  25  3:12  Barracks  
  25  3:14  SCV  
  26  3:22  Marine x2  
  26  3:26  SCV  
  29  3:29  Orbital Command  
  29  3:37  Factory Tech Lab  
  29  3:38  SCV  
  30  3:43  Starport, Marine  
  30  3:46  Barracks Tech Lab  
  31  3:48  Marine  
  31  3:53  SCV  
  33  3:58  Orbital Command  
  33  4:10  Barracks Reactor  
  33  4:11  Stimpack, Siege Tank  
  33  4:15  Bunker  
  33  4:16  SCV  
  37  4:24  Engineering Bay  
  37  4:26  Starport Reactor  
  37  4:28  SCV  
  38  4:35  Marauder, Marine x2  
  42  4:42  SCV  
  42  4:43  Siege Tank  
  46  4:50  Supply Depot  
  46  4:52  Supply Depot  
  46  5:12  Marauder, Marine x4, SCV  
  53  5:23  SCV  
  53  5:24  SCV  
  53  5:25  Refinery  
  53  5:26  Refinery  
  55  5:28  Engineering Bay  
  55  5:29  Engineering Bay  
  55  5:30  Medivac, Marine  
  55  5:34  Marauder  
  61  5:35  SCV  
  61  5:36  SCV  
  61  5:38  Terran Infantry Weapons Level 1  
  62  5:49  Supply Depot  
  62  5:52  Supply Depot  
  62  6:02  Terran Infantry Armor Level 1  
  62  6:11  Medivac, Marine x5, SCV  
  70  6:13  SCV  
  70  6:14  Siege Tank  
  73  6:20  Missile Turret  
  73  6:23  SCV  
  73  6:25  SCV  
  73  6:29  Marine x5  
  75  6:33  Missile Turret  
  73  6:51  Missile Turret  
  73  6:52  Marauder, Missile Turret, Marine x3  
  78  7:17  Supply Depot  
  78  7:18  Medivac x2, Marauder, SCV x2  
  78  7:19  Supply Depot  
  86  7:27  Combat Shields  
  86  7:39  Marine x4, Siege Tank  
  86  7:40  SCV  
  86  7:41  SCV  
  95  7:56  SCV  
  95  7:57  Marine x2, SCV  
  95  7:58  Marauder, Marine, Armory  
  102  8:30  Supply Depot x3  
  102  8:37  Barracks  
  102  8:51  Marine x4  
  102  8:52  Marauder, SCV x2  
  105  9:04  SCV x2  
  105  9:09  Marine x4  
  108  9:13  Marine  
  111  9:33  Supply Depot, Barracks Reactor  
  111  9:34  Supply Depot  
  111  9:37  Supply Depot  
  109  9:40  Barracks  
Tags
 
Composition
MMM Bio
Matchup
TvT
Race
Terran
Replay Pack
22.2.2016
Add a new tag
Caveats
  • Supply blocks, unpowered buildings, or Contaminate may cause inaccurate times.
  • Supply counts are checked every 10 seconds.